cohdb
Replays
Latest Replays
All Replays
Popular Replays
Top Player Replays
Match Explorer
How It Works
Community
CoH3 Stats
Reddit
Sign in to upload your games and track your stats! →
Sign in with Steam
Armor Company Epic [4v4]
Match 32611360
Overview
Messages
Build Orders
End
Construct Infanterie Kompanie
Selects Breakthrough Battlegroup
Selects Assault Grenadiers
Grenadier Squad
MG 42 Machine Gun Team
Grenadier Squad
Grenadier Squad
Construct Luftwaffe Kompanie
Medical Bunker
Flak 30 Anti-aircraft Gun Team
Selects Breakthrough
Selects Rapid Production
Jäger Squad
Construct Panzer Kompanie
Sturmpanzer IV Brummbär
Selects Incendiary Bombing Run
Incendiary Bombing Run
Sturmpanzer IV Brummbär
Incendiary Bombing Run
Side Skirts
Incendiary Bombing Run
Pioneer Squad
Panzer IV Medium Tank
Stoßtruppen Squad
Incendiary Bombing Run
Sturmpanzer IV Brummbär
Panzer Officer Quarters
Incendiary Bombing Run
Jäger Squad
Selects Blitzkrieg
Panzer IV Medium Tank
Incendiary Bombing Run
Stoßtruppen Squad
Jäger Squad
Panzer IV Medium Tank
Incendiary Bombing Run
Selects Tiger Heavy Tank
Tiger Heavy Tank
Incendiary Bombing Run
Grenadier Squad
Grenadier Squad
欧阳黑奔
raven182
聽取蛙聲一片
养一只小Y
Mochi_flamer
alphaelf
kingkendji99
Society is a Lie
0
0
Comments
sign in to comment!
No comments posted yet!